 Dungeon Crawl Stone Soup version 0.29-a0-330-g52719c12eb (webtiles) character file.

Game seed: 7410836851545356944

109 sking99 the Vandal (level 4, -2/23 HPs)
             Began as a Spriggan Hunter on May 23, 2022.
             Slain by Pargi (3 damage)
             ... in a sewer.
             The game lasted 00:06:03 (2549 turns).

sking99 the Vandal (Spriggan Hunter)                Turns: 2549, Time: 00:06:04

Health: -2/23      AC:  7    Str:  7    XL:     4   Next: 59%
Magic:  5/5        EV: 23    Int: 10    God:
Gold:   92         SH:  0    Dex: 20    Spells: 3/3 levels left

rFire   . . .      SeeInvis +   a - +1 hunting sling
rCold   . . .      Faith    .   (no shield)
rNeg    . . .      Spirit   .   b - +0 robe
rPois   .          Reflect  .   (helmet restricted)
rElec   .          Harm     .   v - +0 cloak
rCorr   .          Rampage  .   (gloves unavailable)
Will    .....                   (boots unavailable)
Stlth   +++.......              j - amulet of magic regeneration
HPRegen 0.07/turn               i - +4 ring of evasion
MPRegen 0.49/turn               t - +4 ring of protection

@: attractive, very quick
A: very small, no large weapons, unfitting armour, see invisible, speed 3
a: no special abilities


You were in a sewer.
You visited 1 branch of the dungeon, and saw 3 of its levels.
You also visited: Sewer.

You collected 92 gold pieces.

Inventory:

Hand Weapons
 a - a +1 hunting sling (weapon)
Missiles
 u - a throwing net
Armour
 b - a +0 robe (worn)
 v - a +0 cloak (worn)
Jewellery
 i - a +4 ring of evasion (left hand)
 j - an amulet of magic regeneration (around neck)
 p - a ring of positive energy
 t - a +4 ring of protection (right hand)
Scrolls
 c - 2 scrolls of immolation
 e - a scroll of amnesia {unknown}
 f - a scroll of vulnerability {unknown}
 h - 6 scrolls of identify {unknown}
 l - a scroll of blinking {unknown}
 n - a scroll of teleportation {unknown}
 q - 2 scrolls of fear {unknown}
 r - a scroll of fog {unknown}
 s - a scroll of holy word {unknown}
 w - a scroll of enchant weapon {unknown}
Potions
 d - a potion of lignification {unknown}
 g - a potion of attraction
 k - a potion of cancellation {unknown}
 m - 3 potions of brilliance {unknown}
 o - a potion of berserk rage {unknown}


   Skills:
 + Level 2.2 Fighting
 * Level 5.9 Slings
 + Level 3.7 Dodging
 + Level 3.5 Stealth


You had 3 spell levels left.
You didn't know any spells.
Your spell library was empty.

Dungeon Overview and Level Annotations

Branches:
Dungeon (3/15)              Sewer (1/1)

Altars:

Shops:
D:3 ?

Annotations:
D:3 Sigmund Sewer Pargi


Innate Abilities, Weirdness & Mutations

You are very small and have problems with some larger weapons.
You are too small for most types of armour.
You have supernaturally acute eyesight. (SInv)
You cover ground extremely quickly. (Speed+++)


Message History

Press: ? - help, Q - select action, (/) - cycle Shift-Dir - straight line, f/p - Pargi
Aim: Pargi (moderately wounded, 58% to hit)
You shoot a sling bullet. The sling bullet barely misses Pargi.
Pargi completely misses you. Pargi misses you.
Pargi claws you but does no damage.
Fire: a) +1 hunting sling
Press: ? - help, Q - select action, (/) - cycle Shift-Dir - straight line, f/p - Pargi
Aim: Pargi (moderately wounded, 58% to hit)
You shoot a sling bullet. The sling bullet barely misses Pargi.
Pargi bites you but does no damage. Pargi misses you. Pargi barely misses you.
Fire: a) +1 hunting sling
Press: ? - help, Q - select action, (/) - cycle Shift-Dir - straight line, f/p - Pargi
Aim: Pargi (moderately wounded, 58% to hit)
You shoot a sling bullet. The sling bullet hits Pargi.
Pargi is moderately wounded.
Pargi barely misses you. Pargi misses you. Pargi claws you but does no damage.
Pargi barely misses you. Pargi closely misses you. Pargi completely misses you.
Fire: a) +1 hunting sling
Press: ? - help, Q - select action, (/) - cycle Shift-Dir - straight line, f/p - Pargi
Aim: Pargi (moderately wounded, 58% to hit)
You shoot a sling bullet. The sling bullet closely misses Pargi.
Pargi closely misses you. Pargi claws you but does no damage. Pargi misses you.
Fire: a) +1 hunting sling
Press: ? - help, Q - select action, (/) - cycle Shift-Dir - straight line, f/p - Pargi
Aim: Pargi (moderately wounded, 58% to hit)
You shoot a sling bullet. The sling bullet closely misses Pargi.
Pargi misses you. Pargi claws you.
* * * LOW HITPOINT WARNING * * *
Pargi claws you but does no damage.
Unknown command.
Fire: a) +1 hunting sling
Press: ? - help, Q - select action, (/) - cycle Shift-Dir - straight line, f/p - Pargi
Aim: Pargi (lightly wounded, 58% to hit)
Okay, then.
It was a potion of attraction.
You feel attractive to monsters. Pargi bites you but does no damage.
Pargi claws you.
* * * LOW HITPOINT WARNING * * *
Pargi claws you.
You die...

#.≈≈≈.#
#.≈≈≈.#
+.≈≈≈.+
#.≈≈≈.#
#.≈≈≈.####
+.≈≈≈.'.?#
#.≈≈≈.####
####.≈≈≈.####
#∩....∩..'T@#
####.≈≈≈.####
#.≈≈≈.####
+.≈≈≈.'..#
#.≈≈≈.####
#.≈≈≈.####
+.≈≈≈.'†.#
#.≈≈≈.####
#.≈≈≈.####


You could see Pargi.

Vanquished Creatures
  A gnoll (D:3)
  3 adders (D:3)
  A worm (D:2)
  3 dart slugs
  7 orcs
  2 bats
  6 endoplasms
  5 giant cockroaches
  2 goblins (D:1)
  3 hobgoblins
  3 kobolds
  2 quokkas (D:2)
  7 ball pythons
  6 frilled lizards
  5 rats
56 creatures vanquished.

Vanquished Creatures (others)
  A fungus (D:1)
1 creature vanquished.

Grand Total: 57 creatures vanquished

Notes
Turn   | Place    | Note
-------+----------+-------------------------------------------
     0 | D:1      | sking99 the Spriggan Hunter began the quest for the Orb.
     0 | D:1      | Reached XP level 1. HP: 10/10 MP: 2/2
    37 | D:1      | Reached skill level 5 in Slings
   142 | D:1      | Reached XP level 2. HP: 11/15 MP: 3/3
   226 | D:1      | Found a faded altar of an unknown god.
  1044 | D:2      | Reached XP level 3. HP: 18/18 MP: 4/4
  1700 | D:3      | Noticed a gnoll sergeant
  1739 | D:3      | Noticed Sigmund
  1978 | D:3      | Reached XP level 4. HP: 21/23 MP: 5/5
  2378 | D:3      | Found Ulebief's Magic Scroll Boutique.
  2383 | D:3      | Found a glowing drain.
  2425 | Sewer    | Entered a sewer
  2466 | Sewer    | Noticed Pargi
  2549 | Sewer    | HP: 1/23 [Pargi (1)]
  2549 | Sewer    | Slain by Pargi

Illustrated notes

Levels and vault maps discovered:
D:1:      dpeg_arrival_fog, layout_loops_cross,
          shapermc_ecumenical_altar_hornbeckon, st_stairs_12,
          serial_bayou_lagoon_b
D:2:      layout_basic
D:3:      layout_loops_cross, grunt_temple_overflow_growth_and_decay,
          serial_shops, shop, gammafunk_ghost_smash, gup_sewer_entry_glass,
          chequers_serial_rivers_micro_b, chequers_serial_rivers_small_a,
          kennysheep_potato, uniq_sigmund
Sewer:    kennysheep_door_sewer

Skill      XL: |  1  2  3 |
---------------+----------+-----
Slings         | 5 |  5.9
Stealth        | 2 3 |  3.5
Dodging        | 3 |  3.7
Fighting       | 2 |  2.2

Action                   |  1- 3 |  4- 6 || total
-------------------------+-------+-------++-------
 Fire: Hunting sling     |   127 |    79 ||   206
  Use: Potion            |       |     1 ||     1
Armor: Robe              |     3 |    26 ||    29
Dodge: Dodged            |    24 |   127 ||   151

Table legend: (Time is in decaauts)
 A = Elapsed time spent in this place.
 B = Non-inter-level travel time spent in this place.
 C = Inter-level travel time spent in this place.
 D = Time resting spent in this place.
 E = Time spent auto-exploring this place.
 F = Levels seen in this place.
 G = Mean time per level.
                   A        B        C        D        E       F      G
               +--------+--------+--------+--------+--------+-----+--------+
         Total |   1835 |   1765 |     70 |    165 |    969 |   4 |  458.8 |
       Dungeon |   1726 |   1656 |     70 |    165 |    945 |   3 |  575.3 |
         Sewer |    108 |    108 |      0 |      0 |     23 |   1 |  108.0 |
               +--------+--------+--------+--------+--------+-----+--------+

Top non-repeatable levels by time:
     D:1: 630 daAuts
     D:2: 599 daAuts
     D:3: 497 daAuts
   Sewer: 108 daAuts
